 Dungeon Crawl Stone Soup version 0.23.1 (webtiles) character file.

Game seed: 5574289717710860179

391730 Kisielow the Shatterer (level 23, -4/148 HPs)
             Began as a Gargoyle Fighter on Mar 5, 2019.
             Was a High Priest of Qazlal.
             Slain by a tentacled monstrosity (5 damage)
             ... on level 5 of the Vaults.
             The game lasted 02:06:40 (43996 turns).

Kisielow the Shatterer (Gargoyle Fighter)          Turns: 43996, Time: 02:06:41

Health: -4/148     AC: 59    Str: 35    XL:     23   Next: 11%
Magic:  32/32      EV:  9    Int: 15    God:    Qazlal [*****.]
Gold:   2716       SH: 40    Dex: 18    Spells: 19/22 levels left

rFire    + . .     SeeInvis .   P - +2 demon whip (flame)
rCold    . . .     Gourm    .   j - +4 large shield
rNeg     + . .     Faith    .   v - +9 plate armour of the Slightly Bent {rElec rF+ Slay+5}
rPois    ∞         Spirit   .   H - +1 helmet of Valiance {+Inv Slay+2}
rElec    +         Reflect  +   w - +0 cloak "Horchi" {Str+4 Dex+4}
rCorr    +         Harm     .   Q - +2 pair of gloves {archery}
MR       +++..                  L - +2 pair of boots
Stlth    ..........             y - +6 amulet of reflection
HPRegen  0.34/turn              m - ring "Ugaleg" {rCorr rPois MR+ Int+3}
MPRegen  0.23/turn              e - ring of the Final Decision {+Fly MR+ Str+4}

@: agile, protected from physical damage, flying, very slightly contaminated,
hasted, constricted, repel missiles, very quick
A: big wings, negative energy resistance 1, electricity resistance, unbreathing,
petrification resistance, rot immunity, AC +17
}: 2/15 runes: decaying, serpentine
a: Stop Flying, Upheaval, Elemental Force, Disaster Area, Renounce Religion,
Evoke Invisibility


You were on level 5 of the Vaults.
You worshipped Qazlal.
Qazlal was extremely pleased with you.
You were not hungry.

You visited 7 branches of the dungeon, and saw 37 of its levels.
You visited 1 bazaar.
You also visited: Volcano.

You collected 4127 gold pieces.
You spent 1411 gold pieces at shops.

Inventory:

Hand Weapons
 P - a +2 demon whip of flaming (weapon)
Armour
 j - a +4 large shield (worn)
 v - the +9 plate armour of the Slightly Bent (worn) {rElec rF+ Slay+5}
   (You bought it in a shop on level 2 of the Orcish Mines)

   It affects your accuracy and damage with ranged weapons and melee attacks
   (+5).
   It protects you from fire.
   It insulates you from electricity.
 w - the +0 cloak "Horchi" (worn) {Str+4 Dex+4}
   (You found it on level 6 of the Dungeon)

   It affects your strength (+4).
   It affects your dexterity (+4).
 H - the +1 helmet of Valiance (worn) {+Inv Slay+2}
   (You found it on level 4 of the Lair of Beasts)

   It affects your accuracy and damage with ranged weapons and melee attacks
   (+2).
   It lets you turn invisible.
 L - a +2 pair of boots (worn)
 Q - a +2 pair of gloves of archery (worn)
Jewellery
 e - the ring of the Final Decision (right hand) {+Fly MR+ Str+4}
   (You found it on level 4 of the Vaults)

   [ring of flight]

   It affects your strength (+4).
   It affects your resistance to hostile enchantments.
   It lets you fly.
 m - the ring "Ugaleg" (left hand) {rCorr rPois MR+ Int+3}
   (You bought it in a shop on level 8 of the Dungeon)

   [ring of resist corrosion]

   It affects your intelligence (+3).
   It protects you from poison.
   It affects your resistance to hostile enchantments.
 u - an uncursed ring of see invisible
 y - a +6 amulet of reflection (around neck)
 W - an uncursed amulet of regeneration
Wands
 c - a wand of enslavement (7)
 o - a wand of random effects (17)
 r - a wand of polymorph (46)
 s - a wand of flame (26)
 x - a wand of paralysis (29)
 C - a wand of iceblast (24)
 D - a wand of digging (5)
 E - a wand of scattershot (2)
Scrolls
 g - 18 scrolls of remove curse
 i - 6 scrolls of blinking
 k - 3 scrolls of amnesia
 p - 2 scrolls of identify
 t - 13 scrolls of teleportation
 J - 2 scrolls of fog
 M - 2 scrolls of fear
Potions
 a - 5 potions of curing
 d - 2 potions of resistance
 l - 3 potions of agility
 z - 3 potions of mutation
 A - a potion of magic
 G - a potion of haste
Miscellaneous
 I - 3 phantom mirrors
Comestibles
 b - 8 chunks of flesh
 f - 62 rations


   Skills:
 + Level 16.9 Fighting
 * Level 23.5 Maces & Flails
 + Level 17.0 Armour
 + Level 16.9 Shields
 - Level 7.0 Charms
 - Level 7.0 Necromancy
 - Level 12.0 Invocations
 - Level 7.0 Evocations


You had 19 spell levels left.
You knew the following spells:

 Your Spells              Type           Power        Failure   Level  Hunger
q - Regeneration          Chrm/Necr      ###.......   45%         3    ####...

Your spell library contained the following spells:

 Spells                   Type           Power        Failure   Level  Hunger
 Animate Skeleton         Necr           N/A          17%         1    ##.....
 Pain                     Necr           ###.         17%         1    ##.....
 Vampiric Draining        Necr           ###.......   45%         3    ####...
 Animate Dead             Necr           N/A          86%         4    #####..
 Ozocubu's Armour         Chrm/Ice       ##......     91%         3    ####...
 Confusing Touch          Hex            #.....       96%         1    ##.....
 Corona                   Hex            #......      96%         1    ##.....
 Flame Tongue             Conj/Fire      #....        96%         1    ##.....
 Freeze                   Ice            #...         96%         1    ##.....
 Sandblast                Erth           #.....       96%         1    ##.....
 Summon Butterflies       Summ           #.......     96%         1    ##.....
 Ensorcelled Hibernation  Hex/Ice        #.....       99%         2    ###....
 Passwall                 Tmut/Erth      #.......     99%         2    ###....
 Slow                     Hex            #.......     99%         2    ###....
 Throw Flame              Conj/Fire      #.....       99%         2    ###....
 Throw Frost              Conj/Ice       #.....       99%         2    ###....
 Call Canine Familiar     Summ           #.......     100%        3    ####...
 Confuse                  Hex            #.......     100%        3    ####...
 Conjure Flame            Conj/Fire      #.......     100%        3    ####...
 Dazzling Spray           Conj/Hex       #.....       100%        3    ####...
 Gell's Gravitas          Tloc           #.........   100%        3    ####...
 Ignite Poison            Fire/Tmut/Pois #.......     100%        3    ####...
 Inner Flame              Hex/Fire       #.......     100%        3    ####...
 Portal Projectile        Hex/Tloc       #.....       100%        3    ####...
 Recall                   Summ/Tloc      N/A          100%        3    ####...
 Stone Arrow              Conj/Erth      #.....       100%        3    ####...
 Tukima's Dance           Hex            #.......     100%        3    ####...
 Cause Fear               Hex            #.........   100%        4    #####..
 Leda's Liquefaction      Hex/Erth       #.........   100%        4    #####..
 Petrify                  Tmut/Erth      #.......     100%        4    #####..
 Sticky Flame             Conj/Fire      #.......     100%        4    #####..
 Summon Ice Beast         Ice/Summ       #.......     100%        4    #####..
 Throw Icicle             Conj/Ice       #.......     100%        4    #####..
 Alistair's Intoxication  Tmut/Pois      #.......     100%        5    ######.
 Aura of Abjuration       Summ           #.........   100%        5    ######.
 Blade Hands              Tmut           #.........   100%        5    ######.
 Bolt of Magma            Conj/Fire/Erth #.........   100%        5    ######.
 Borgnjor's Vile Clutch   Necr/Erth      ##........   100%        5    ######.
 Fireball                 Conj/Fire      #.........   100%        5    ######.
 Irradiate                Conj/Tmut      #.........   100%        5    ######.
 Iskenderun's Battlesphe  Conj/Chrm      ##......     100%        5    ######.
 Lee's Rapid Deconstruct  Erth           #.........   100%        5    ######.
 Metabolic Englaciation   Hex/Ice        #.........   100%        5    ######.
 Silence                  Hex/Air        #.........   100%        5    ######.
 Summon Demon             Summ           #.........   100%        5    ######.
 Summon Forest            Summ/Tloc      #.........   100%        5    ######.
 Summon Mana Viper        Hex/Summ       #.......     100%        5    ######.
 Venom Bolt               Conj/Pois      #.........   100%        5    ######.
 Yara's Violent Unravell  Hex/Tmut       #.........   100%        5    ######.
 Darkness                 Hex            #.........   100%        6    #######
 Deflect Missiles         Chrm/Air       ##........   100%        6    #######
 Hydra Form               Tmut           #.........   100%        6    #######
 Iron Shot                Conj/Erth      #.........   100%        6    #######
 Shadow Creatures         Summ           N/A          100%        6    #######
 Dragon Form              Tmut           #.........   100%        7    #######
 Orb of Destruction       Conj           #.........   100%        7    #######
 Spellforged Servitor     Conj/Summ      #.........   100%        7    #######
 Summon Hydra             Summ           #.........   100%        7    #######
 Discord                  Hex            #.........   100%        8    #######
 Sublimation of Blood     Necr           Unusable     N/A         2    N/A

Dungeon Overview and Level Annotations

Branches:
Dungeon (15/15)            Temple (1/1) D:5            Lair (6/6) D:9
  Swamp (4/4) Lair:4        Snake (4/4) Lair:4        Slime (0/5) Lair:6
    Orc (2/2) D:10            Elf (0/3) Orc:2        Vaults (5/5) D:14
  Crypt (0/3) Vaults:2     Depths (0/5) D:15

Altars:
Ashenzari
Cheibriados
Dithmenos
Elyvilon
Fedhas
Gozag
Hepliaklqana
Kikubaaqudgha
Makhleb
Nemelex Xobeh
Okawaru
Qazlal
Ru
Sif Muna
Trog
Uskayaw
Vehumet
Wu Jian
Xom
Yredelemnul
Zin
The Shining One
Beogh

Shops:
D:7 :   D:8 =   D:10 %   Orc:2 ([?![   Snake:1 ?   Snake:3 (*}%

Annotations:
Vaults:2 2 runed translucent doors, cada's ghost, adept OpFi


Innate Abilities, Weirdness & Mutations

You are resistant to torment.
Your stone body is resilient. (AC +17)
You are immune to poison.
Your large and strong wings let you fly indefinitely.
You resist negative energy. (rN+)
You are resistant to electric shocks. (rElec)
You can survive without breathing.
You are immune to petrification.
You are immune to rotting.


Message History

You feel better.
You feel less invigorated.
Your skin stops crawling.
You block the ogre mage's attack. You block the sphinx's attack. x2
The sphinx closely misses you.
The tentacled monstrosity tentacle-slaps you.
* * * LOW HITPOINT WARNING * * *
You block the tentacled monstrosity's attack. x2
* * * LOW HITPOINT WARNING * * *
The tentacled monstrosity constricts you.
The titan zombie is engulfed in blazing flames.
The titan zombie hits you but does no damage.
You feel better. You block the ogre mage's attack. The ettin hits you!!
* * * LOW HITPOINT WARNING * * *
The ettin hits you!
* * * LOW HITPOINT WARNING * * *
You block the sphinx's attack. x2; The sphinx hits you but does no damage.
An ironheart preserver skeleton comes into view.
The tentacled monstrosity is engulfed in blazing flames.
The tentacled monstrosity tentacle-slaps you but does no damage. x3
You die...

########################
#....pZ@HO.........w....
#.....X°C°..............
#...Z###################
#... .... #.. .... #.
.... # ####


You could see a tentacled monstrosity, a sphinx, an ettin shaped shifter, an
ogre mage, an ironbrand convoker, a titan zombie and an ironheart preserver
skeleton.

Vanquished Creatures
  Mara (Swamp:4)
  Frederick (Vaults:2)
  Saint Roka (Orc:1)
  Margery (Vaults:2)
  Nikola (Swamp:4)
  The ghost of magipi the Spear-Bearer, an adept DgFE (Vaults:4)
  2 liches
  Rupert (Lair:5)
  A titan (Vaults:4)
  Agnes (Snake:1)
  Gastronok (D:8)
  Kirke (Swamp:4)
  2 tengu reavers
  4 thorn hunters
  8 nagarajas
  2 fire giants
  A shadow dragon (Vaults:4)
  3 storm dragons
  A frost giant (D:11)
  Louise (D:15)
  13 vault wardens
  A deep elf sorcerer (Vaults:1)
  Aizul (Snake:1)
  10 ironheart preservers
  A war gargoyle (Vaults:5)
  An entropy weaver (Vaults:1)
  The ghost of Ivernyr the Timeless, a journeyman VSWz of Cheibriados (D:13)
  4 stone giants
  14 very ugly things
  A minotaur (D:13)
  A red draconian (Volcano)
  Azrael (Orc:2)
  2 ettins (Vaults:3)
  2 crystal guardians (Vaults:4)
  Josephine (Orc:1)
  2 fire dragons
  A great orb of eyes (Vaults:1)
  A deep elf high priest (Vaults:5)
  11 yaktaur captains
  The ghost of P0WERM0DE the Demolition Dwarf, a journeyman DDFi of Makhleb (D:10)
  34 vault guards
  30 hydras
  5 rakshasas
  2 ice dragons
  7 anacondas
  12 naga warriors
  5 shambling mangroves
  Erolcha (D:9)
  Erica (D:7)
  2 catoblepae (Lair:4)
  14 alligators
  A death knight (Vaults:4)
  2 ghost crabs
  5 death yaks
  9 centaur warriors
  41 two-headed ogres
  11 ogre magi
  21 naga sharpshooters
  3 tengu warriors
  A deep troll earth mage (Vaults:2)
  A deep troll shaman (Vaults:2)
  A shock serpent (shapeshifter) (D:14)
  A vampire mage (D:14)
  2 orc high priests
  7 shock serpents
  Urug (Orc:1)
  Sonja (Lair:3)
  3 spriggans (Swamp:4)
  A shadow wraith (Vaults:4)
  2 unseen horrors
  10 hell knights
  2 salamander mystics
  6 deep trolls
  2 spriggan druids
  16 skeletal warriors
  10 swamp dragons
  4 wizards
  2 sea snakes (Snake:2)
  4 glowing orange brains
  A flayed ghost (Vaults:4)
  5 naga ritualists
  13 ironbrand convokers
  A wolf spider zombie (Vaults:1)
  A deep elf archer (Vaults:1)
  Pikel (D:6)
  3 harpies (Vaults:4)
  5 necromancers
  5 deep elf magi
  3 oklob plants (Lair:6)
  A frost giant zombie (D:15)
  2 orc sorcerers
  10 mana vipers
  19 orc knights
  5 wolf spiders
  21 ugly things
  32 slime creatures
  11 salamanders
  2 stone giant zombies (D:15)
  8 cyclopes
  3 centaur zombies
  5 manticores
  21 naga magi
  32 black mambas
  15 vault sentinels
  A molten gargoyle (Volcano)
  A stone giant skeleton (Vaults:4)
  A rime drake (Lair:6)
  A rime drake (shapeshifter) (Vaults:4)
  A gargoyle (Volcano)
  40 yaktaurs
  6 guardian serpents
  3 kobold demonologists
  13 komodo dragons
  35 spiny frogs
  10 freezing wraiths
  2 human zombies
  2 efreet
  A redback zombie (D:14)
  A guardian mummy (D:15)
  A tengu conjurer (D:13)
  6 meliai
  17 trolls
  A meliai (shapeshifter) (D:14)
  A queen bee (shapeshifter) (Vaults:1)
  A queen bee (Lair:4)
  10 tyrant leeches
  25 blink frogs
  Grinder (D:6)
  A polar bear (Lair:5)
  12 hornets
  An ice dragon zombie (D:15)
  8 bog bodies
  6 hippogriffs
  A stone giant simulacrum (Vaults:4)
  44 yaks
  2 shadows
  A tarantella (shapeshifter) (Vaults:1)
  2 wyverns
  7 hogs
  Grum (D:8)
  A human (D:7)
  4 basilisks
  5 wraiths (Orc:1)
  3 hungry ghosts
  25 vampire mosquitoes
  2 fire elementals (Orc:2)
  6 fire bats
  14 swamp worms
  11 wargs
  3 human simulacra
  59 nagas
  3 acid dragons
  A two-headed ogre zombie (D:10)
  22 insubstantial wisps
  4 hell hounds
  16 swamp drakes
  4 porcupines
  8 water moccasins
  46 orc warriors
  5 phantoms
  4 sky beasts
  A necrophage (D:11)
  4 black bears
  An eye of draining (D:9)
  3 ice beasts
  28 ogres
  4 boggarts (Vaults:1)
  A tengu (shapeshifter) (D:14)
  15 wolves
  32 centaurs
  16 crocodiles
  5 big kobolds
  A yaktaur zombie (Vaults:1)
  23 bullfrogs
  2 wyvern zombies
  A human skeleton (Vaults:1)
  A wyvern skeleton (D:14)
  5 scorpions
  2 troll zombies (D:10)
  A water moccasin skeleton (D:9)
  29 killer bees
  2 howler monkeys
  A jelly (D:12)
  A vampire bat (D:15)
  4 electric eels
  11 crimson imps
  3 bullfrog zombies
  7 lava snakes
  A yaktaur simulacrum (Vaults:1)
  A quasit (D:5)
  A bullfrog skeleton (D:12)
  10 centaur skeletons
  26 orc wizards
  Crazy Yiuf (D:3)
  5 hounds
  24 orc priests
  3 iguanas
  Natasha (thrice) (D:2)
  6 hell rats (Lair:6)
  9 worker ants
  A killer bee zombie (D:10)
  5 ogre zombies (D:10)
  A hound zombie (D:5)
  A hound skeleton (D:8)
  A worker ant zombie (D:11)
  A howler monkey zombie (D:11)
  14 adders
  5 gnolls
  2 shadow imps
  An ooze (D:3)
  3 adder zombies
  2 adder skeletons (D:4)
  A worm (D:3)
  3 dart slugs
  5 leopard geckos
  125 orcs
  17 bats
  3 giant cockroaches
  4 goblins
  5 hobgoblins
  6 jackals
  17 kobolds
  6 quokkas
  A ball python (D:1)
  5 frilled lizards
  3 goblin skeletons (D:10)
  2 goblin zombies (D:10)
  2 hobgoblin skeletons (D:10)
  3 hobgoblin zombies (D:10)
  A jackal skeleton (D:4)
  A leopard gecko skeleton (D:9)
  3 orc skeletons (D:10)
  12 orc zombies (D:10)
  7 rats
  3 briar patches
  2 fire vortices (D:13)
1694 creatures vanquished.

Vanquished Creatures (collateral kills)
  Jorgrun (Swamp:2)
  A spiny frog (Lair:6)
  A blink frog (Lair:6)
  A vampire mosquito (Lair:6)
  A warg (Orc:2)
  A wolf (Lair:6)
  An orc wizard (Orc:2)
  2 orcs (Orc:2)
9 creatures vanquished.

Vanquished Creatures (others)
  Vashnia (Snake:4)
  Donald (Swamp:1)
  A stone giant (Vaults:3)
  An ettin (D:11)
  A centaur warrior (Vaults:1)
  An ogre mage (Vaults:1)
  A spriggan berserker (Swamp:4)
  A naga sharpshooter (Snake:4)
  A spriggan (Swamp:4)
  A shadow wraith (Vaults:3)
  A necromancer (Vaults:1)
  2 deep elf archers
  A phantasmal warrior (Vaults:5)
  2 ugly things (Swamp:2)
  3 cyclopes
  A naga mage (Snake:4)
  A black mamba (Snake:4)
  A vault sentinel (Vaults:4)
  An efreet (D:13)
  15 yaktaurs
  A tyrant leech (Swamp:4)
  A hornet (Swamp:4)
  A slime creature (Swamp:2)
  A human (Swamp:4)
  An orc warrior (Orc:2)
  An ogre (Vaults:3)
  6 centaurs
  An orc priest (Vaults:2)
  A bullfrog skeleton (D:13)
  3 orcs
  A jackal (D:6)
  5 briar patches
  A fire vortex (D:13)
  9 fungi
  52 plants
123 creatures vanquished.

Grand Total: 1826 creatures vanquished

Notes
Turn   | Place    | Note
-------+----------+-------------------------------------------
     0 | D:1      | Kisielow the Gargoyle Fighter began the quest for the Orb.
     0 | D:1      | Reached XP level 1. HP: 14/14 MP: 1/1
    87 | D:1      | Reached XP level 2. HP: 18/19 MP: 2/2
   202 | D:1      | Reached skill level 3 in Maces & Flails
   318 | D:1      | Found a glowing golden altar of the Shining One.
   346 | D:1      | Reached XP level 3. HP: 22/23 MP: 3/3
   898 | D:2      | Found an opulent altar of Gozag.
   954 | D:2      | Reached skill level 4 in Maces & Flails
  1256 | D:2      | Reached XP level 4. HP: 24/28 MP: 4/4
  1339 | D:2      | Noticed Natasha
  1349 | D:2      | Killed Natasha
  1533 | D:2      | Reached XP level 5. HP: 32/32 MP: 5/5
  1618 | D:2      | Noticed Natasha
  1625 | D:2      | Killed Natasha
  1629 | D:2      | Noticed Natasha
  1647 | D:2      | Killed Natasha
  2061 | D:3      | Reached XP level 6. HP: 18/38 MP: 6/6
  2066 | D:3      | Reached skill level 5 in Maces & Flails
  2660 | D:3      | Noticed a black bear
  2668 | D:3      | Killed a black bear
  2993 | D:3      | Found a runed translucent door.
  2994 | D:3      | Noticed Crazy Yiuf
  3134 | D:3      | Killed Crazy Yiuf
  3279 | D:4      | Reached XP level 7. HP: 44/44 MP: 7/7
  3851 | D:4      | Reached skill level 6 in Maces & Flails
  4092 | D:4      | Found an ancient bone altar of Kikubaaqudgha.
  4094 | D:4      | Found an opulent altar of Gozag.
  4094 | D:4      | Found a shimmering altar of Xom.
  4276 | D:4      | Found a radiant altar of Vehumet.
  4276 | D:4      | Found a snail-covered altar of Cheibriados.
  4276 | D:4      | Found a blossoming altar of Fedhas.
  4741 | D:4      | Reached skill level 5 in Fighting
  4812 | D:5      | Entered Level 5 of the Dungeon
  4853 | D:5      | Reached skill level 5 in Armour
  4853 | D:5      | Reached skill level 5 in Shields
  4853 | D:5      | Reached XP level 8. HP: 49/49 MP: 8/8
  5206 | D:5      | Reached skill level 7 in Maces & Flails
  5207 | D:5      | Found a staircase to the Ecumenical Temple.
  5223 | Temple   | Entered the Ecumenical Temple
  5258 | Temple   | Became a worshipper of Qazlal Stormbringer
  5666 | D:6      | Noticed Grinder
  5711 | D:6      | Paralysed by Grinder for 4 turns
  5737 | D:6      | Killed Grinder
  5737 | D:6      | Reached XP level 9. HP: 28/55 MP: 9/9
  5839 | D:6      | Reached skill level 8 in Maces & Flails
  5866 | D:6      | Found a white marble altar of Elyvilon.
  6092 | D:6      | Noticed Pikel
  6128 | D:6      | Killed Pikel
  6370 | D:6      | Got a shimmering cloak
  6381 | D:6      | Identified the cursed +0 cloak "Horchi" {Str+4 Dex+4} (You
                  | found it on level 6 of the Dungeon)
  6428 | D:7      | Reached * piety under Qazlal
  6449 | D:7      | Reached skill level 9 in Maces & Flails
  6724 | D:7      | Reached XP level 10. HP: 61/63 MP: 10/10
  6846 | D:7      | Found Coybruv's Book Emporium.
  7291 | D:8      | Noticed Erica
  7293 | D:8      | Noticed Gastronok
  7312 | D:7      | Killed Erica
  7312 | D:7      | Reached skill level 10 in Maces & Flails
  7370 | D:8      | Killed Gastronok
  7471 | D:8      | Noticed a two-headed ogre
  7481 | D:8      | Reached XP level 11. HP: 45/69 MP: 11/11
  7487 | D:8      | Killed a two-headed ogre
  7487 | D:8      | Reached skill level 11 in Maces & Flails
  7533 | D:8      | Reached ** piety under Qazlal
  7544 | D:8      | Noticed Grum
  7552 | D:8      | Killed Grum
  7842 | D:8      | Noticed a two-headed ogre
  7858 | D:8      | Killed a two-headed ogre
  7981 | D:8      | Found Lukli's Jewellery Emporium.
  8475 | D:9      | Noticed a two-headed ogre
  8492 | D:9      | Killed a two-headed ogre
  8680 | D:9      | Noticed Erolcha
  8686 | D:9      | Killed Erolcha
  9142 | D:9      | Found a staircase to the Lair.
  9185 | D:9      | Reached skill level 12 in Maces & Flails
  9199 | D:9      | Reached *** piety under Qazlal
  9623 | D:5      | Got a crystal dagger
  9704 | D:9      | Identified the cursed +1 dagger "Xophofik" {pierce, *Rage
                  | rN+ SInv} (You found it on level 5 of the Dungeon)
 10111 | Lair:1   | Entered Level 1 of the Lair of Beasts
 10218 | Lair:1   | Reached XP level 12. HP: 77/77 MP: 12/12
 10367 | Lair:1   | Reached skill level 10 in Fighting
 10367 | Lair:1   | Reached skill level 10 in Armour
 10439 | Lair:1   | Noticed a seven-headed hydra
 10486 | Lair:1   | Killed a seven-headed hydra
 10486 | Lair:1   | Reached skill level 10 in Shields
 10660 | Lair:1   | Reached skill level 1 in Invocations
 10779 | Lair:1   | Reached skill level 1 in Evocations
 11411 | Lair:2   | Reached **** piety under Qazlal
 11826 | D:8      | Bought the ring "Ugaleg" {rCorr rPois MR+ Int+3} for 474
                  | gold pieces
 12511 | Lair:3   | Noticed Sonja
 12529 | Lair:3   | Killed Sonja
 12547 | Lair:3   | Reached skill level 5 in Evocations
 12813 | Lair:3   | Reached skill level 5 in Invocations
 12821 | Lair:3   | Noticed a seven-headed hydra
 12843 | Lair:3   | Killed a seven-headed hydra
 13656 | Lair:4   | Noticed a catoblepas
 13887 | Lair:4   | Reached XP level 13. HP: 82/82 MP: 18/18
 14045 | Lair:4   | Found a dark tunnel.
 14118 | Volcano  | Entered a volcano
 14257 | Volcano  | Noticed a red draconian
 14318 | Volcano  | Reached skill level 13 in Maces & Flails
 14537 | Volcano  | Found a bloodstained altar of Trog.
 14624 | Volcano  | Killed a red draconian
 15068 | Lair:4   | Found a staircase to the Swamp.
 15131 | Lair:4   | Found a staircase to the Snake Pit.
 15204 | Lair:4   | Got a transparent helmet
 15215 | Lair:4   | Identified the +1 helmet of Valiance {+Inv Slay+2} (You
                  | found it on level 4 of the Lair of Beasts)
 16417 | Lair:5   | Noticed Rupert
 16434 | Lair:5   | Killed Rupert
 16434 | Lair:5   | Reached skill level 14 in Maces & Flails
 16434 | Lair:5   | Gained mutation: Your large and strong wings let you fly
                  | indefinitely. [Gargoyle growth]
 16434 | Lair:5   | Reached XP level 14. HP: 90/90 MP: 19/19
 16450 | Lair:5   | Found a basalt altar of Yredelemnul.
 16739 | Lair:6   | Entered Level 6 of the Lair of Beasts
 17478 | Lair:6   | Got a bone quarterstaff
 18024 | Lair:6   | Found a staircase to the Slime Pits.
 18135 | Lair:6   | Reached skill level 15 in Maces & Flails
 18718 | Lair:1   | Identified the +5 quarterstaff of the Hidden Vale {holy,
                  | +Inv Str+3} (You found it on level 6 of the Lair of Beasts)
 18754 | D:10     | Entered Level 10 of the Dungeon
 18844 | D:10     | Found a runed translucent door.
 18845 | D:10     | Noticed P0WERM0DE's ghost (journeyman DDFi)
 19061 | D:10     | Found a staircase to the Orcish Mines.
 19268 | D:10     | Found Reifuukk's Food Shop.
 19530 | D:10     | Killed P0WERM0DE's ghost
 19824 | D:11     | Reached XP level 15. HP: 96/96 MP: 20/20
 20214 | D:11     | Reached ***** piety under Qazlal
 20291 | D:11     | Noticed a storm dragon
 20300 | D:11     | Killed a storm dragon
 20312 | D:11     | Noticed a frost giant
 20322 | D:11     | Killed a frost giant
 21074 | D:12     | Noticed a tengu reaver
 21086 | D:12     | Killed a tengu reaver
 21800 | D:13     | Found a runed translucent gate.
 21820 | D:13     | Found a runed translucent gate.
 21823 | D:13     | Noticed Ivernyr's ghost (journeyman VSWz)
 21825 | D:13     | Found a runed translucent gate.
 21936 | D:13     | Reached skill level 16 in Maces & Flails
 22767 | D:13     | Killed Ivernyr's ghost
 23429 | D:14     | Reached XP level 16. HP: 103/103 MP: 22/22
 23783 | D:14     | Got a bloodstained plate armour
 23794 | D:14     | Identified the +4 plate armour of Xiegath {rF+ Int+3} (You
                  | found it on level 14 of the Dungeon)
 23807 | D:14     | Learned a level 3 spell: Regeneration
 23892 | D:14     | Found a gate to the Vaults.
 24121 | D:15     | Entered Level 15 of the Dungeon
 24145 | D:15     | Reached skill level 10 in Invocations
 24162 | D:14     | Reached skill level 1 in Charms
 24471 | D:15     | Reached skill level 1 in Necromancy
 24802 | D:15     | Noticed Louise
 24845 | D:15     | Killed Louise
 25049 | D:15     | Found a sparkling altar of Nemelex Xobeh.
 25106 | D:15     | Found a shadowy altar of Dithmenos.
 25153 | D:15     | Found a staircase to the Depths.
 25479 | Orc:1    | Entered Level 1 of the Orcish Mines
 26000 | Orc:2    | Entered Level 2 of the Orcish Mines
 26000 | Orc:2    | Found Bostyd's Antique Armour Boutique.
 26006 | Orc:2    | Bought an aquamarine-encrusted plate armour for 700 gold
                  | pieces
 26006 | Orc:2    | Bought a spiked cloak for 237 gold pieces
 26021 | Orc:1    | Identified the +9 plate armour of the Slightly Bent {rElec
                  | rF+ Slay+5} (You bought it in a shop on level 2 of the
                  | Orcish Mines)
 26022 | Orc:1    | Identified the cursed +0 cloak of Impermeability {rElec
                  | Str+4 Stlth-} (You bought it in a shop on level 2 of the
                  | Orcish Mines)
 26240 | Orc:2    | Noticed Azrael
 26245 | Orc:2    | Reached skill level 5 in Charms
 26247 | Orc:2    | Killed Azrael
 26360 | Orc:2    | Found a roughly hewn altar of Beogh.
 26370 | Orc:2    | Found Coenages's Magic Scroll Boutique.
 26414 | Orc:2    | Found a roughly hewn altar of Beogh.
 26494 | Orc:2    | Noticed Saint Roka
 26844 | Orc:2    | Found a roughly hewn altar of Beogh.
 26929 | Orc:1    | Found a roughly hewn altar of Beogh.
 26939 | Orc:1    | Noticed Josephine
 26954 | Orc:1    | Killed Josephine
 26956 | Orc:1    | Noticed Urug
 26969 | Orc:1    | Killed Urug
 27202 | Orc:1    | Killed Saint Roka
 27431 | Orc:2    | Found a roughly hewn altar of Beogh.
 27505 | Orc:2    | Found a staircase to the Elven Halls.
 27537 | Orc:2    | Found a roughly hewn altar of Beogh.
 27640 | Orc:2    | Found Pugykonot's Antique Armour Shoppe.
 27641 | Orc:2    | Found a roughly hewn altar of Beogh.
 27647 | Orc:2    | Found Oriymusi's Antique Weapon Emporium.
 27796 | Orc:2    | Found a roughly hewn altar of Beogh.
 27802 | Orc:2    | Found Gukkoopp's Distillery.
 27880 | Orc:2    | Found a roughly hewn altar of Beogh.
 27903 | Orc:2    | Found a roughly hewn altar of Beogh.
 28106 | Swamp:1  | Entered Level 1 of the Swamp
 28106 | Swamp:1  | Noticed Donald
 28124 | Swamp:1  | Killed Donald
 28185 | Swamp:1  | Reached skill level 5 in Necromancy
 28214 | Swamp:1  | Reached XP level 17. HP: 102/108 MP: 24/24
 28602 | Swamp:1  | Got an ancient falchion
 28619 | Swamp:1  | Identified the +7 falchion of Responsibility {slice, *Slow
                  | rF- Str+8 Dex+2} (You found it on level 1 of the Swamp)
 28963 | Swamp:2  | Identified the Tome of the Blind Marksman
 29063 | Swamp:2  | Got a slimy plate armour
 29064 | Swamp:2  | Identified the +7 plate armour of Zeugiuq {Stlth+} (You
                  | found it on level 2 of the Swamp)
 29417 | Swamp:2  | Noticed Jorgrun
 29428 | Swamp:2  | Killed Jorgrun
 30555 | Swamp:3  | Reached ****** piety under Qazlal
 31158 | Swamp:4  | Entered Level 4 of the Swamp
 31218 | Swamp:4  | Reached skill level 17 in Maces & Flails
 31229 | Swamp:4  | Noticed Nikola
 31250 | Swamp:4  | Killed Nikola
 31279 | Swamp:4  | Reached XP level 18. HP: 82/116 MP: 25/25
 31292 | Swamp:4  | Noticed Kirke
 31310 | Swamp:4  | HP: 5/116 [harpy[Kirke] (1)]
 31310 | Swamp:4  | Killed Kirke
 32259 | Swamp:4  | Noticed Mara
 32272 | Swamp:4  | Noticed Kisielow's illusion
 32278 | Swamp:4  | Killed Mara
 32509 | Swamp:4  | Got a decaying rune of Zot
 32874 | Snake:1  | Entered Level 1 of the Snake Pit
 32941 | Snake:1  | Noticed Agnes
 32963 | Snake:1  | Killed Agnes
 33005 | Snake:1  | Noticed Aizul
 33013 | Snake:1  | Killed Aizul
 33053 | Snake:1  | Reached skill level 18 in Maces & Flails
 33572 | Snake:1  | Found Hogg's Magic Scroll Shoppe.
 33957 | Snake:2  | Reached XP level 19. HP: 122/122 MP: 26/26
 34561 | Snake:3  | Found Jovvodiang's Gadget Shop.
 34576 | Snake:3  | Reached skill level 15 in Armour
 34584 | Snake:3  | Reached skill level 15 in Fighting
 34627 | Snake:3  | Reached skill level 15 in Shields
 34638 | Snake:3  | Found Dis Yxzu's Food Emporium.
 34708 | Snake:3  | Found Xaidgh's General Store.
 34740 | Snake:3  | Found Nill's Antique Weapon Boutique.
 35072 | Snake:4  | Entered Level 4 of the Snake Pit
 35432 | Snake:4  | Reached skill level 19 in Maces & Flails
 35446 | Snake:4  | Noticed Vashnia
 35460 | Snake:4  | Killed Vashnia
 35978 | Snake:4  | Got a serpentine rune of Zot
 36323 | Vaults:1 | Entered Level 1 of the Vaults
 36370 | Vaults:1 | Reached XP level 20. HP: 130/130 MP: 27/27
 37407 | Vaults:1 | Noticed a lich
 37410 | Vaults:1 | Paralysed by a lich for 6 turns
 37425 | Vaults:1 | Paralysed by a lich for 4 turns
 37430 | Vaults:1 | Reached skill level 20 in Maces & Flails
 37435 | Vaults:1 | Killed a lich
 37723 | Vaults:1 | Got a polished scimitar
 37724 | Vaults:1 | Identified the +8 scimitar "Eguptuon" {antimagic, rC+ Int+2
                  | Dex+4} (You found it on level 1 of the Vaults)
 38236 | Vaults:1 | Reached skill level 21 in Maces & Flails
 38655 | Vaults:2 | Reached XP level 21. HP: 136/136 MP: 20/28
 39291 | Vaults:2 | Noticed Margery
 39308 | Vaults:2 | Killed Margery
 39444 | Vaults:2 | Found a staircase to the Crypt.
 39444 | Vaults:2 | Found an ancient bone altar of Kikubaaqudgha.
 39445 | Vaults:2 | Found a basalt altar of Yredelemnul.
 39590 | Vaults:2 | Reached skill level 22 in Maces & Flails
 39595 | Vaults:2 | Noticed Frederick
 39626 | Vaults:2 | Killed Frederick
 39707 | Vaults:2 | Found a large runed translucent door.
 39712 | Vaults:2 | Found a large runed translucent door.
 39714 | Vaults:2 | Noticed cada's ghost (adept OpFi)
 40108 | Vaults:3 | Found a flickering gateway to a bazaar.
 40117 | Bazaar   | Entered a bazaar
 40117 | Bazaar   | Found Viudoamy's Antique Weapon Shoppe.
 40117 | Bazaar   | Found Yklit's General Store.
 40122 | Bazaar   | Found Caufer's Distillery.
 40136 | Bazaar   | Found Roywex's Food Emporium.
 41032 | Vaults:3 | Reached XP level 22. HP: 142/142 MP: 31/31
 42096 | Vaults:4 | Noticed magipi's ghost (adept DgFE)
 42102 | Vaults:4 | Found a runed translucent gate.
 42102 | Vaults:4 | Found a runed translucent gate.
 42102 | Vaults:4 | Found a runed translucent gate.
 42159 | Vaults:4 | Killed magipi's ghost
 42204 | Vaults:4 | Got a warped platinum ring
 42210 | Vaults:4 | Identified the ring of the Final Decision {+Fly MR+ Str+4}
                  | (You found it on level 4 of the Vaults)
 42249 | Vaults:4 | Reached skill level 23 in Maces & Flails
 43679 | Vaults:3 | Identified the +1 plate armour of Loiro {rPois rF+ rCorr
                  | Dex-3} (You found it on level 3 of the Vaults)
 43871 | Vaults:5 | Entered Level 5 of the Vaults
 43873 | Vaults:5 | Noticed a golden dragon
 43889 | Vaults:5 | Reached XP level 23. HP: 146/148 MP: 9/32
 43935 | Vaults:5 | Identified the amulet of Freedom {Acrobat rElec MR- Slay+2}
 43996 | Vaults:5 | HP: 1/148 [ettin (glowing shapeshifter) (9)]
 43996 | Vaults:5 | Slain by a tentacled monstrosity

Skill      XL: |  1  2  3  4  5  6  7  8  9 10 11 12 13 14 15 16 17 18 19 20 21 22 23 |
---------------+----------------------------------------------------------------------+-----
Maces & Flails | 3 4 5 6 7 9 10 12 14 15 16 17 18 19 21 22 23 | 23.5
Fighting       | 4 5 6 7 8 9 10 11 12 13 14 15 16 | 16.9
Shields        | 4 5 6 7 8 9 10 11 12 13 14 15 16 | 16.9
Armour         | 4 5 6 7 8 9 10 11 12 13 14 15 16 17 | 17.0
Invocations    | 7 8 10 12 | 12.0
Evocations     | 5 7 |  7.0
Charms         | 7 |  7.0
Necromancy     | 5 7 |  7.0

Action                   |  1- 3 |  4- 6 |  7- 9 | 10-12 | 13-15 | 16-18 | 19-21 | 22-24 || total
-------------------------+-------+-------+-------+-------+-------+-------+-------+-------++-------
Melee: Flail             |   163 |   171 |   389 |   616 |       |       |       |       ||  1339
       Morningstar       |       |       |       |   111 |  1358 |  1121 |       |       ||  2590
       Demon whip        |       |       |       |       |       |   260 |  1577 |   500 ||  2337
 Cast: Regeneration      |       |       |       |       |       |       |     1 |     7 ||     8
Invok: Upheaval          |       |       |       |     2 |    20 |    19 |    19 |     2 ||    62
       Elemental Force   |       |       |       |       |     3 |     2 |       |       ||     5
       Disaster Area     |       |       |       |       |     1 |     2 |     3 |     5 ||    11
 Abil: Fly               |       |       |       |       |     1 |       |       |       ||     1
       Evoke Invisibilit |       |       |       |       |     1 |       |       |       ||     1
Evoke: Wand              |       |       |       |       |     2 |       |       |     1 ||     3
  Use: Scroll            |     5 |     1 |     9 |     9 |     5 |    20 |    11 |     8 ||    68
       Potion            |     1 |       |       |     8 |     4 |     3 |     1 |    16 ||    33
 Stab: Paralysed         |       |       |       |       |     3 |       |       |       ||     3
       Distracted        |       |       |       |       |     1 |       |       |       ||     1
  Eat: Chunk             |     1 |     6 |    14 |    21 |    24 |    26 |    21 |    10 ||   123
       Ration            |       |       |       |     1 |     2 |     3 |     1 |     1 ||     8
Armor: Scale mail        |   122 |    67 |   116 |     1 |       |       |       |       ||   306
       Chain mail        |       |       |       |    91 |       |       |       |       ||    91
       Plate armour      |       |       |       |   138 |   424 |   518 |   271 |   173 ||  1524
       Skin              |       |       |       |       |       |     1 |       |       ||     1
Dodge: Dodged            |    65 |    29 |    36 |    76 |   133 |   123 |    67 |    64 ||   593
       Deflected         |       |       |       |       |     9 |    13 |    17 |     7 ||    46
Block: Shield            |   168 |    75 |       |       |       |       |       |       ||   243
       Reflection        |       |     5 |    11 |    17 |    87 |    99 |   178 |    55 ||   452
       Large shield      |       |    50 |   400 |  1006 |  1909 |  1832 |  1502 |   613 ||  7312
